 Dungeon Crawl Stone Soup version 0.21.1-1-g345015fe64 (webtiles) character file.

19651 Mrkan the Basher (level 12, -4/80 HPs)
             Began as a Gargoyle Fighter on May 6, 2018.
             Was the Champion of Qazlal.
             Slain by an ogre
             ... wielding a +0 giant club
              (15 damage)
             ... on level 1 of the Orcish Mines.
             The game lasted 00:40:23 (14074 turns).

Mrkan the Basher (Gargoyle Fighter)                Turns: 14074, Time: 00:40:24

Health: -4/80      AC: 28    Str: 24    XL:     12   Next: 71%
Magic:  12/12      EV:  5    Int: 10    God:    Qazlal [******]
Gold:   871        SH: 17    Dex:  9    Spells: 11/11 levels left

rFire    + . .     SeeInvis .   w - +2 flail (drain)
rCold    . . .     Gourm    .   c - +0 shield
rNeg     + . .     Faith    .   v - +0 plate armour
rPois    ∞         Spirit   .   (no helmet)
rElec    +         Reflect  .   H - +2 cloak
rCorr    .         Harm     .   (no gloves)
MR       +....                  (no boots)
Stlth    ..........             (no amulet)
HPRegen  0.23/turn              S - ring of fire
MPRegen  0.13/turn              P - ring of protection from magic

@: protected from cold, repel missiles
A: negative energy resistance 1, electricity resistance, unbreathing,
petrification resistance, rot immunity, AC +8
a: Upheaval, Elemental Force, Disaster Area, Renounce Religion


You were on level 1 of the Orcish Mines.
You worshipped Qazlal.
Qazlal was exalted by your worship.
You were very hungry.

You visited 2 branches of the dungeon, and saw 13 of its levels.
You also visited: Sewer.

You collected 1014 gold pieces.
You spent 143 gold pieces at shops.

Inventory:

Hand Weapons
 b - a +2 flail
 k - a +2 short sword of holy wrath
 p - a +2 whip of flaming
 u - a +2 flail of holy wrath
 w - a +2 flail of draining (weapon)
 K - a cursed -3 mace
Armour
 c - a +0 shield (worn)
 v - a +0 plate armour (worn)
 H - a +2 cloak (worn)
Jewellery
 l - a +3 ring of evasion {unknown}
 s - an uncursed amulet of the gourmand {unknown}
 x - an uncursed amulet of guardian spirit {unknown}
 P - a ring of protection from magic (right hand)
 S - a ring of fire (left hand)
Wands
 y - a wand of random effects (22)
 J - a wand of polymorph (16)
 Q - a wand of iceblast (5)
 R - a wand of paralysis (6)
 U - a wand of disintegration (10)
Scrolls
 d - a scroll of fear
 h - 3 scrolls of remove curse
 i - 2 scrolls of blinking
 o - a scroll of random uselessness
 q - 2 scrolls of amnesia
 r - 4 scrolls of identify
 A - a scroll of immolation {unknown}
 D - a scroll of magic mapping
 I - a scroll of fog
 V - a scroll of holy word {unknown}
 Y - a scroll of summoning {unknown}
Potions
 g - a potion of cancellation {unknown}
 j - a potion of invisibility {unknown}
 m - 6 potions of curing
 n - 5 potions of ambrosia
 t - 3 potions of agility
 C - 2 potions of magic {unknown}
 F - a potion of flight {unknown}
 G - 4 potions of brilliance
 L - a potion of lignification {unknown}
 M - 3 potions of degeneration {unknown}
 T - 3 potions of haste {unknown}
 Z - a potion of might
Books
 N - a book of Misfortune

   Spells                             Type                      Level
   a - Confusing Touch                Hexes                        1
   b - Confuse                        Hexes                        3
   c - Gell's Gravitas                Translocation                3
   d - Petrify                        Transmutation/Earth          4
   e - Metabolic Englaciation         Hexes/Ice                    5
   f - Yara's Violent Unravelling     Hexes/Transmutation          5
 O - a book of Geomancy

   Spells                             Type                      Level
   a - Sandblast                      Earth                        1
   b - Passwall                       Transmutation/Earth          2
   c - Stone Arrow                    Conjuration/Earth            3
   d - Petrify                        Transmutation/Earth          4
   e - Lee's Rapid Deconstruction     Earth                        5
 X - a book of Air

   Spells                             Type                      Level
   a - Shock                          Conjuration/Air              1
   b - Swiftness                      Charms/Air                   2
   c - Static Discharge               Conjuration/Air              3
   d - Airstrike                      Air                          4
   e - Lightning Bolt                 Conjuration/Air              5
Miscellaneous
 z - a sack of spiders
Comestibles
 f - 20 rations


   Skills:
 - Level 11.4 Fighting
 * Level 13.8 Maces & Flails
 + Level 12.6 Armour
 - Level 3.2 Shields


You had 11 spell levels left.
You didn't know any spells.

Dungeon Overview and Level Annotations

Branches:
Dungeon (12/15)            Temple (0/1) D:5            Lair (0/6) D:10
    Orc (1/2) D:11

Altars:
Dithmenos
Elyvilon
Fedhas
Gozag
Makhleb
Nemelex Xobeh
Okawaru
Qazlal
Sif Muna
Uskayaw
Vehumet
Wu Jian
Xom
Zin
The Shining One

Shops:
D:7 (   D:9 (

Annotations:
D:10 exclusion: oklob plant


Innate Abilities, Weirdness & Mutations

You are resistant to torment.
Your stone body is resilient. (AC +8)
You are immune to poison.
You resist negative energy. (rN+)
You are resistant to electric shocks. (rElec)
You can survive without breathing.
You are immune to petrification.
You are immune to rotting.


Message History

* * * LOW HITPOINT WARNING * * *
You block the orc wizard's attack.
You sock the orc wizard!
The orc wizard is almost dead.
The orc wizard hits you but does no damage.
You barely miss the orc wizard.
The orc wizard is almost dead.
The orc wizard mumbles some strange words.
The orc wizard blinks!
A two-headed ogre comes into view.
It is wielding a giant club and a giant spiked club.
Okay, then.
You block the ogre's attack.
The orc wizard points at you and mumbles some strange words.
The magic dart hits you!
The ogre mage hits you but does no damage.
The orc wizard gestures wildly while chanting.
The orc wizard seems to speed up.
The ogre mage gestures wildly while chanting.
The ogre mage blinks!
The ogre hits you with a giant club!
You die...

....#......
...$......## #
#.....#....#. ##
............ ..#
...........## #..
.....#......# ..#
......o.)#.# #.#
.......§..###..##
.>.....>@.§.....#
..#..O.§OO.....##
......§§.#§§...#
.O.O...§§)§.#...#
....#...)#.###.##
.........### ..#
........## ...#
.#......# ..##
#.......


You could see 2 two-headed ogres, an ogre mage, 2 ogres and an orc wizard.

Vanquished Creatures
  The ghost of Ivernyr the Destroyer, a novice OgWz of Sif Muna (D:9)
  A hydra (D:12)
  5 two-headed ogres
  A centaur warrior (D:12)
  2 ugly things
  An orc sorcerer (Orc:1)
  A cyclops (D:11)
  The ghost of Necrophagist the Shield-Bearer, a novice DDFi (D:5)
  A yaktaur (D:10)
  A troll (D:12)
  A hornet (D:12)
  2 hippogriffs
  A spriggan (D:7)
  Sigmund (D:6)
  A wraith (D:11)
  24 yaks
  A water elemental (D:12)
  The ghost of Tali the Chopper, an amateur DsBe of Trog (D:3)
  A steam dragon (D:12)
  A hungry ghost (D:12)
  2 phantoms
  6 ice beasts
  A hornet zombie (D:11)
  A sky beast (D:12)
  10 orc warriors
  A necrophage (D:12)
  6 centaurs
  5 ogres
  4 big kobolds
  8 bullfrogs
  7 killer bees
  4 wights (D:11)
  11 electric eels
  7 howler monkeys
  4 crimson imps
  A quasit (Sewer)
  2 bullfrog zombies
  2 jellies (D:10)
  11 orc priests
  A bullfrog skeleton (D:6)
  A gnoll shaman (D:6)
  Crazy Yiuf (D:2)
  3 hounds
  2 centaur skeletons
  4 iguanas
  13 orc wizards
  14 worker ants
  A killer bee zombie (D:6)
  4 big kobold zombies (Sewer)
  A hound zombie (D:7)
  A hound skeleton (D:7)
  2 worker ant zombies
  6 gnolls
  A howler monkey skeleton (D:7)
  15 adders
  9 shadow imps
  2 ufetubi (Sewer)
  4 oozes
  An adder skeleton (D:8)
  An adder zombie (D:6)
  3 worms (D:4)
  4 dart slugs
  4 leopard geckos
  63 orcs
  3 ball pythons
  13 giant cockroaches
  11 goblins
  5 hobgoblins
  12 jackals
  4 quokkas
  7 bats
  6 frilled lizards
  A giant cockroach zombie (Sewer)
  A jackal skeleton (D:8)
  30 kobolds
  A leopard gecko skeleton (D:9)
  2 quokka skeletons
  A quokka zombie (D:6)
  5 rats
405 creatures vanquished.

Vanquished Creatures (others)
  Grinder (Sewer)
  An orc priest (D:12)
  A big kobold zombie (Sewer)
  2 orcs
  A jackal (D:6)
  A kobold zombie (Sewer)
  6 plants (D:10)
13 creatures vanquished.

Grand Total: 418 creatures vanquished

Notes
Turn   | Place    | Note
-------+----------+-------------------------------------------
     0 | D:1      | Mrkan the Gargoyle Fighter began the quest for the Orb.
     0 | D:1      | Reached XP level 1. HP: 14/14 MP: 1/1
   105 | D:1      | Reached XP level 2. HP: 13/19 MP: 2/2
   268 | D:1      | Reached skill level 3 in Maces & Flails
   363 | D:1      | Reached XP level 3. HP: 23/23 MP: 3/3
  1058 | D:2      | Reached skill level 4 in Maces & Flails
  1121 | D:2      | Found a white marble altar of Elyvilon.
  1123 | D:2      | Found a blossoming altar of Fedhas.
  1147 | D:2      | Found a hide-covered altar of Uskayaw.
  1165 | D:2      | Reached XP level 4. HP: 27/28 MP: 4/4
  1505 | D:2      | Found a runed door.
  1602 | D:2      | Reached skill level 5 in Maces & Flails
  1624 | D:2      | Reached XP level 5. HP: 28/32 MP: 5/5
  1986 | D:2      | Noticed Crazy Yiuf
  1996 | D:2      | Killed Crazy Yiuf
  2337 | D:3      | Noticed Tali's ghost (amateur DsBe)
  2340 | D:3      | Found a stormy altar of Qazlal.
  2361 | D:3      | Killed Tali's ghost
  2361 | D:3      | Reached skill level 6 in Maces & Flails
  2361 | D:3      | Reached XP level 6. HP: 14/37 MP: 6/6
  2556 | D:3      | Became a worshipper of Qazlal Stormbringer
  2685 | D:3      | Found an ornate altar of the Wu Jian Council.
  2824 | D:3      | Found a radiant altar of Vehumet.
  2837 | D:3      | Reached skill level 7 in Maces & Flails
  2896 | D:3      | Found a faded altar of an unknown god.
  3138 | D:4      | Reached XP level 7. HP: 41/41 MP: 7/7
  3168 | D:4      | Found a burning altar of Makhleb.
  3168 | D:4      | Found a shimmering altar of Xom.
  3251 | D:4      | Reached * piety under Qazlal
  3361 | D:4      | Reached skill level 8 in Maces & Flails
  3561 | D:4      | Found a sparkling altar of Nemelex Xobeh.
  3601 | D:4      | Found a glowing golden altar of the Shining One.
  3601 | D:4      | Found a shadowy altar of Dithmenos.
  3601 | D:4      | Found a deep blue altar of Sif Muna.
  3703 | D:4      | Found a shimmering altar of Xom.
  3703 | D:4      | Found a shimmering altar of Xom.
  3704 | D:4      | Found a shimmering altar of Xom.
  3704 | D:4      | Found a shimmering altar of Xom.
  3704 | D:4      | Found a shimmering altar of Xom.
  3704 | D:4      | Found a shimmering altar of Xom.
  3705 | D:4      | Found a shimmering altar of Xom.
  3706 | D:4      | Found a shimmering altar of Xom.
  3710 | D:4      | Found a shimmering altar of Xom.
  4078 | D:5      | Entered Level 5 of the Dungeon
  4103 | D:5      | Found an iron altar of Okawaru.
  4140 | D:5      | Noticed Necrophagist's ghost (novice DDFi)
  4157 | D:5      | Killed Necrophagist's ghost
  4157 | D:5      | Reached skill level 9 in Maces & Flails
  4157 | D:5      | Reached XP level 8. HP: 41/46 MP: 8/8
  4182 | D:5      | Reached skill level 10 in Maces & Flails
  4206 | D:5      | Found an opulent altar of Gozag.
  4648 | D:5      | Found a staircase to the Ecumenical Temple.
  4657 | D:5      | Got a sheer robe
  4748 | D:6      | Reached skill level 5 in Fighting
  4835 | D:6      | Reached ** piety under Qazlal
  4850 | D:6      | Reached XP level 9. HP: 32/55 MP: 9/9
  5233 | D:6      | Found a blossoming altar of Fedhas.
  5271 | D:6      | Found a glowing drain.
  5334 | Sewer    | Entered a sewer
  5510 | Sewer    | Reached *** piety under Qazlal
  5540 | Sewer    | Found a burning altar of Makhleb.
  5541 | Sewer    | Noticed Grinder
  5639 | Sewer    | Paralysed by Grinder for 4 turns
  5651 | Sewer    | Paralysed by Grinder for 4 turns
  5658 | Sewer    | Paralysed by Grinder for 4 turns
  5669 | Sewer    | Killed Grinder
  6285 | D:6      | Noticed Sigmund
  6312 | D:6      | Killed Sigmund
  6931 | D:7      | Reached skill level 10 in Fighting
  6986 | D:7      | Reached XP level 10. HP: 42/68 MP: 10/10
  6989 | D:7      | Reached **** piety under Qazlal
  7231 | D:7      | Found Biapt's Weapon Boutique.
  8056 | D:7      | Found a glowing silver altar of Zin.
  8380 | D:8      | Reached ***** piety under Qazlal
  8407 | D:8      | Reached skill level 5 in Armour
  8794 | D:9      | Noticed Ivernyr's ghost (novice OgWz)
  8814 | D:9      | Killed Ivernyr's ghost
  9042 | D:9      | Found Zafaoq's Antique Weapon Boutique.
  9050 | D:9      | Bought a runed flail for 143 gold pieces
  9693 | D:10     | Entered Level 10 of the Dungeon
  9742 | D:10     | Reached XP level 11. HP: 52/74 MP: 11/11
 10064 | D:10     | Noticed a two-headed ogre
 10073 | D:10     | Killed a two-headed ogre
 10073 | D:10     | Reached skill level 10 in Armour
 10083 | D:10     | Noticed a two-headed ogre
 10099 | D:10     | Killed a two-headed ogre
 10501 | D:10     | Noticed a two-headed ogre
 10508 | D:10     | Killed a two-headed ogre
 10667 | D:10     | Noticed an oklob plant
 10672 | D:10     | Found a staircase to the Lair.
 10783 | D:11     | Noticed a cyclops
 10795 | D:11     | Killed a cyclops
 10795 | D:11     | Reached skill level 11 in Maces & Flails
 10876 | D:11     | Noticed a two-headed ogre
 10889 | D:11     | Killed a two-headed ogre
 10956 | D:11     | Found a staircase to the Orcish Mines.
 11079 | D:11     | Noticed a brown ugly thing
 11107 | D:11     | Killed a brown ugly thing
 11107 | D:11     | Reached skill level 12 in Maces & Flails
 11332 | D:11     | Reached XP level 12. HP: 80/80 MP: 12/12
 11389 | D:11     | Reached ****** piety under Qazlal
 12073 | D:12     | Noticed a centaur warrior
 12098 | D:12     | Killed a centaur warrior
 12125 | D:12     | Reached skill level 13 in Maces & Flails
 12416 | D:12     | Noticed a two-headed ogre
 12432 | D:12     | Killed a two-headed ogre
 13039 | D:12     | Noticed a four-headed hydra
 13050 | D:12     | Killed a four-headed hydra
 14025 | Orc:1    | Entered Level 1 of the Orcish Mines
 14066 | Orc:1    | Noticed an ogre mage
 14073 | Orc:1    | Noticed a two-headed ogre
 14074 | Orc:1    | Slain by an ogre

Skill      XL: |  1  2  3  4  5  6  7  8  9 10 11 12 |
---------------+-------------------------------------+-----
Maces & Flails | 3 4 5 6 7 9 10 12 13 | 13.8
Fighting       | 6 10 11 | 11.4
Armour         | 9 11 12 | 12.6
Shields        | |  3.2

Action                   |  1- 3 |  4- 6 |  7- 9 | 10-12 || total
-------------------------+-------+-------+-------+-------++-------
Melee: Flail             |   103 |       |       |   632 ||   735
       Whip              |     3 |   187 |   616 |   237 ||  1043
  Use: Scroll            |     3 |     2 |       |    12 ||    17
       Potion            |       |     1 |     1 |     5 ||     7
  Eat: Chunk             |     1 |     3 |     9 |    17 ||    30
       Ration            |       |     1 |     1 |     2 ||     4
Armor: Scale mail        |    53 |    97 |    62 |       ||   212
       Plate armour      |       |       |   285 |   326 ||   611
       Chain mail        |       |       |       |    15 ||    15
Dodge: Dodged            |    42 |    53 |    83 |    65 ||   243
       Deflected         |       |       |       |     4 ||     4
Block: Shield            |    54 |    73 |   353 |   556 ||  1036
